[Event "*** SCC Grand Prix: Titled Tuesday Blitz"]
[Site "Chess.com"]
[Date "2020.08.25"]
[Round "7"]
[White "brute4ever"]
[Black "Caterpiller35"]
[Result "1-0"]
[WhiteElo "2501"]
[BlackElo "2352"]
[TimeControl "180+1"]
[EndTime "11:19:19 PDT"]
[Termination "brute4ever won on time"]

1. e4 c5 2. Nf3 Nc6 3. Bb5 g6 4. O-O Bg7 5. c3 Nf6 6. d4 cxd4 7. cxd4 d5 8. e5 Ne4 9. Ne1 Qb6 10. Na3 O-O 11.
Nec2 f6 12. f3 Ng5 13. Bxg5 fxg5 14. Kh1 Bf5 15. Bxc6 bxc6 16. Qd2 g4 17. fxg4 Bxg4 18. Ne3 Be6 19. b3 c5 20. Nac2 Rxf1+ 21. Rxf1 Rf8 22.
Rxf8+ Kxf8 23. h3 Ke8 24. dxc5 Qxc5 25. Nd4 Kd7 26. b4 1-0

[Event "*** SCC Grand Prix: Titled Tuesday Blitz"]
[Site "Chess.com"]
[Date "2020.08.25"]
[Round "7"]
[White "AnonymousIM2023"]
[Black "Msb2"]
[Result "0-1"]
[WhiteElo "2624"]
[BlackElo "2834"]
[TimeControl "180+1"]
[EndTime "11:19:20 PDT"]
[Termination "Msb2 won by resignation"]

1. d4 Nf6 2. Nf3 d5 3. c4 e6 4. Nc3 Bb4 5. Bg5 h6 6. Bxf6 Qxf6 7. e3 O-O 8. Bd3 dxc4 9. Bxc4 c5 10. O-O cxd4 11. exd4 Rd8 12. Qe2 Bd7 13. Ne4 Qe7 14. Ne5 Nc6 15. Rad1 Nxe5 16. dxe5 Bc6 17. Bd3 Rd5 18.
a3 Ba5 19. Nd6 Bc7 20. Bc4 Rxd1 21. Rxd1 Rd8 22. Qd3 Qg5 23. Qg3 Kf8 24. b4 a6 25.
Bb3 Qxg3 26. hxg3 Ke7 27. Nc4 Rxd1+ 28. Bxd1 Bd5 29. Be2 b5 30. Ne3 Bxe5 31. Nxd5+ exd5 32. Bg4 Bb2 33. Bc8 Kd6 34. Bxa6 Kc6 35. a4 bxa4 36. Bd3 a3 37. Bb1 Kb5 38. Kf1 Kxb4 39. Ba2 d4 40. Ke2 Kc3 41. Kd1 f6 42. Bf7 d3 43. Ba2 d2 44. f3 Bc1 45. g4 Kb2 46. Be6 a2 47. Bxa2 Kxa2 48. Kc2 Ka3 0-1

[Event "*** SCC Grand Prix: Titled Tuesday Blitz"]
[Site "Chess.com"]
[Date "2020.08.25"]
[Round "7"]
[White "chessplayer9919"]
[Black "Miss_JJ20"]
[Result "1-0"]
[WhiteElo "2605"]
[BlackElo "2419"]
[TimeControl "180+1"]
[EndTime "11:19:20 PDT"]
[Termination "chessplayer9919 won by resignation"]

1. d4 Nf6 2. c4 e6 3. Nf3 b6 4.
g3 Ba6 5. Qc2 Bb4+ 6. Bd2 Be7 7.
Bg2 Bb7 8. O-O c5 9. dxc5 bxc5 10. Nc3 O-O 11. Bf4 d6 12. Rad1 Qb6 13. Nb5 e5 14. Bg5 Nbd7 15. Nh4 Bxg2 16. Kxg2 g6 17. Nf3 Rab8 18.
b3 Rfd8 19. Nc3 Qc6 20. Bxf6 Nxf6 21. Nd5 Nxd5 22. Rxd5 a5 23. Rfd1 a4 24. Qe4 axb3 25. axb3 Rxb3 26. Nxe5 Qa8 27. Nxg6 hxg6 28. Qxe7 Re8 29.
Qxd6 Rxe2 30. Qf6 Rbb2 31. Kg1 Re8 32. Qxb2 1-0

[Event "*** SCC Grand Prix: Titled Tuesday Blitz"]
[Site "Chess.com"]
[Date "2020.08.25"]
[Round "7"]
[White "Jungle_Jaguar"]
[Black "Slovak_fighter2000"]
[Result "1-0"]
[WhiteElo "2629"]
[BlackElo "2425"]
[TimeControl "180+1"]
[EndTime "11:19:20 PDT"]
[Termination "Jungle_Jaguar won by checkmate"]

1. e4 e6 2. d4 d5 3. Nc3 Nf6 4. Bg5 dxe4 5. Nxe4 Be7 6. Bxf6 gxf6 7. Nf3 f5 8. Nc3 a6 9. g3 b5 10. Bg2 Bb7 11. O-O Qd6 12. Qd2 Nd7 13. Rad1 c5 14. a4 b4 15. Ne2 cxd4 16. Nexd4 Qc7 17. Rfe1 Nf6 18. Qh6 Ne4 19. Nxe6 fxe6 20. Qxe6 Rf8 21. Nd4 Qc5 22. Bf3 Rf6 23. Qg8+ Bf8 24. Bh5+ Ke7 25. Qxh7+ Kd6 26. Nb5+ Ke6 27. Qd7+ Ke5 28. Nd4 f4 29. Nf3# 1-0

[Event "*** SCC Grand Prix: Titled Tuesday Blitz"]
[Site "Chess.com"]
[Date "2020.08.25"]
[Round "7"]
[White "Infernal_XaM"]
[Black "frederiksvane"]
[Result "1-0"]
[WhiteElo "2922"]
[BlackElo "2656"]
[TimeControl "180+1"]
[EndTime "11:19:22 PDT"]
[Termination "Infernal_XaM won by resignation"]

1. c4 Nf6 2. Nc3 e6 3. e4 d5 4.
cxd5 exd5 5. e5 Ne4 6. Nf3 Nc6 7. d3 Nxc3 8. bxc3 Bg4 9. d4 Be7 10. Bd3 O-O 11. h3 Bh5 12. g4 Bg6 13. h4 Qd7 14.
Rg1 f6 15. h5 Bxd3 16. Qxd3 Qe6 17. Qf5 Qxf5 18. gxf5 fxe5 19. Bh6 Bf6 20. Bxg7 Bxg7 21. h6 Rf7 22. Nxe5 Re8 23. f4 Kf8 24. hxg7+ Rxg7 25.
O-O-O Rxg1 26. Rxg1 Ne7 27. f6 Ng6 28. Rh1 Nxf4 29. Rxh7 Rxe5 30. dxe5 Nd3+ 31. Kd2 Nxe5 32. Rxc7 Ng4 33. Rxb7 Nxf6 34. Rxa7 Ne4+ 35. Kd3 Nd6 36. Rd7 1-0

[Event "*** SCC Grand Prix: Titled Tuesday Blitz"]
[Site "Chess.com"]
[Date "2020.08.25"]
[Round "7"]
[White "snowlord"]
[Black "Vesper2018"]
[Result "0-1"]
[WhiteElo "2793"]
[BlackElo "2587"]
[TimeControl "180+1"]
[EndTime "11:19:23 PDT"]
[Termination "Vesper2018 won on time"]

1. Nf3 Nf6 2. g3 g6 3. Bg2 Bg7 4. O-O O-O 5. d3 d6 6. Nbd2 e5 7. c3 Nc6 8. a4 h6 9. e4 Be6 10.
b4 Qd7 11. b5 Ne7 12. d4 exd4 13. Nxd4 Bh3 14. Re1 Bxg2 15. Kxg2 c5 16. bxc6 bxc6 17. N2f3 d5 18. e5 Ne4 19. Qc2 c5 20. Ne2 Nc6 21. Nf4 Ng5 22. Nxg5 hxg5 23. e6 fxe6 24. Nxe6 Rf6 25. Nxc5 Qf7 26. Bxg5 Rf5 27. Be3 Rf8 28. Nd3 g5 29. Rab1 Qh5 30. Nc5 g4 31. Ne6 Qh3+ 32. Kg1 Rh5 33. Nf4 Qxh2+ 34. Kf1 Rxf4 35. Bxf4 Qh1+ 36. Ke2 Qf3+ 0-1

[Event "*** SCC Grand Prix: Titled Tuesday Blitz"]
[Site "Chess.com"]
[Date "2020.08.25"]
[Round "7"]
[White "Euge_chess"]
[Black "KatarinaOstojic"]
[Result "0-1"]
[WhiteElo "2075"]
[BlackElo "2308"]
[TimeControl "180+1"]
[EndTime "11:19:23 PDT"]
[Termination "KatarinaOstojic won by checkmate"]

1. e4 c5 2. c3 d5 3. exd5 Qxd5 4. d4 Nf6 5. Nf3 e6 6. Be3 Nc6 7. Be2 cxd4 8. cxd4 Be7 9. Nc3 Qd8 10. O-O O-O 11. Ne5 Nb4 12. Bf3 Nbd5 13. Qb3 a6 14. Bg5 h6 15.
Nxd5 Nxd5 16. Bxe7 Nxe7 17. Rfd1 Nd5 18. Rac1 Qd6 19.
Nc4 Qd8 20. Ne5 b6 21. Nc6 Qe8 22. Bxd5 exd5 23. Qxb6 Bd7 24. Ne5 Be6 25. b3 a5 26. Rc7 a4 27. b4 a3 28. Rdc1 Qa4 29.
Qc5 Rfb8 30. Nc6 Rb5 31. Ne7+ Kh8 32. Rc8+ Bxc8 33. Nxc8 Rxc5 34. Rxc5 Qd1# 0-1

[Event "*** SCC Grand Prix: Titled Tuesday Blitz"]
[Site "Chess.com"]
[Date "2020.08.25"]
[Round "7"]
[White "tk22h"]
[Black "WiktoriaPOL"]
[Result "1-0"]
[WhiteElo "2295"]
[BlackElo "1924"]
[TimeControl "180+1"]
[EndTime "11:19:24 PDT"]
[Termination "tk22h won on time"]

1. c4 Nf6 2. Nc3 g6 3. Nf3 Bg7 4. g3 O-O 5. Bg2 d6 6. d4 Bg4 7.
O-O Nc6 8. h3 Bxf3 9. Bxf3 e5 10.
Bxc6 bxc6 11. dxe5 dxe5 12. Qxd8 Rfxd8 13. Be3 a6 14. Rfd1 Kf8 15. b3 Ne8 16. Rac1 f5 17. Na4 Nf6 18. Nc5 Ke7 19. Kf1 h6 20. Nb7 Rxd1+ 21.
Rxd1 Nd7 22. Na5 c5 23. Rd5 Ke8 24. Bxc5 c6 25. Nxc6 Rc8 26. Rd6 Nxc5 27. Rxg6 Kf7 28. Rd6 Ne4 29. Rd7+ Kf6 30. Nb4 a5 31. Nd5+ Kg6 32.
Ra7 Rc5 33. Kg2 h5 34. Ra6+ Kf7 35. f3 Nd2 36. g4 hxg4 37. hxg4 fxg4 38. fxg4 Ne4 39.
Kf3 Ng5+ 40. Ke3 Ne6 41. Ke4 Nd4 42. e3 Nc2 43. Kf5 Nb4 44. Ra7+ Kg8 45. Ne7+ Kh7 46. Kg5 Nxa2 47. Nf5 Nb4 48. Rxg7+ Kh8 49. Ra7 Nd3 50. Ne7 Ne1 51. Nd5 Nf3+ 52. Kg6 1-0

[Event "*** SCC Grand Prix: Titled Tuesday Blitz"]
[Site "Chess.com"]
[Date "2020.08.25"]
[Round "7"]
[White "Ariadna_Atreides"]
[Black "shineatchess"]
[Result "0-1"]
[WhiteElo "2044"]
[BlackElo "2216"]
[TimeControl "180+1"]
[EndTime "11:19:24 PDT"]
[Termination "shineatchess won by resignation"]

1. d4 Nf6 2. Nf3 d5 3. e3 e6 4.
Bd3 c5 5. O-O c4 6. Be2 Be7 7.
b3 cxb3 8. axb3 O-O 9. Nbd2 b6 10. Ba3 Bb7 11. Ne5 Bxa3 12. Rxa3 Qd6 13. Qa1 a5 14. f4 Ba6 15. Nd3 Ne4 16. Nxe4 dxe4 17. Nc1 Nc6 18. Bxa6 Rxa6 19. c3 f5 20. b4 Ra7 21. b5 Ne7 22. c4 Rc8 23. Qa2 Rac7 24.
Ra4 Kf7 25. Rf2 Nd5 26. c5 bxc5 27. Rxa5 cxd4 28. Ra7 dxe3 29. Rf1 Nxf4 30. g3 e2 31. Re1 Qc5+ 32. Kh1 Rxa7 33. Qb2 Nd3 0-1

[Event "*** SCC Grand Prix: Titled Tuesday Blitz"]
[Site "Chess.com"]
[Date "2020.08.25"]
[Round "7"]
[White "Rytenko_V"]
[Black "Dannyyi"]
[Result "1-0"]
[WhiteElo "2512"]
[BlackElo "2360"]
[TimeControl "180+1"]
[EndTime "11:19:25 PDT"]
[Termination "Rytenko_V won on time"]

1. e4 e5 2. Nf3 Nc6 3. Bb5 a6 4. Ba4 Nf6 5. O-O b5 6. Bb3 Bc5 7. d3 O-O 8. Nc3 h6 9. Be3 Bxe3 10. fxe3 d6 11. Nh4 Na5 12. Nf5 Nxb3 13. axb3 Kh7 14. Qf3 Ng8 15. Rf2 g6 16. Ng3 Be6 17. d4 c5 18. Rd1 Qg5 19. h3 Rac8 20. Kh2 cxd4 21.
exd4 b4 22. Nd5 Bxd5 23. exd5 exd4 24. Rxd4 Qe5 25. Re4 Qxb2 26. Rxb4 Rxc2 27. Rxc2 Qxc2 28. Rc4 Qb1 29. Ne4 a5 30. Rc7 Kg7 31. Nxd6 Qb2 32.
Rxf7+ Rxf7 33. Qxf7+ Kh8 34. Qxg6 Qg7 35. Nf7+ 1-0

[Event "*** SCC Grand Prix: Titled Tuesday Blitz"]
[Site "Chess.com"]
[Date "2020.08.25"]
[Round "7"]
[White "Jovidon91"]
[Black "nitpicker"]
[Result "1-0"]
[WhiteElo "2467"]
[BlackElo "2232"]
[TimeControl "180+1"]
[EndTime "11:19:26 PDT"]
[Termination "Jovidon91 won on time"]

1. d4 Nf6 2. c4 e6 3. g3 d5 4. Nf3 Bb4+ 5. Bd2 Be7 6. Bg2 O-O 7. O-O c6 8. Qc2 b6 9. Ne5 Bb7 10. Nc3 Nbd7 11. e4 Rc8 12. Rad1 Qc7 13. Bf4 Nh5 14.
exd5 cxd5 15. cxd5 Nxf4 16. gxf4 exd5 17. Qf5 Nf6 18. Kh1 Rcd8 19. Bf3 Bc8 20. Qd3 g6 21. Rg1 Kh8 22. Rg5 Bf5 23. Rxf5 gxf5 24. Qxf5 Qc8 25. Qg5 Ng8 26. Qh5 Qe6 27. Rg1 Bf6 28. Bg4 Qe8 29. Bf5 1-0

[Event "*** SCC Grand Prix: Titled Tuesday Blitz"]
[Site "Chess.com"]
[Date "2020.08.25"]
[Round "7"]
[White "ZverevLev"]
[Black "politeplayer"]
[Result "1-0"]
[WhiteElo "2354"]
[BlackElo "2208"]
[TimeControl "180+1"]
[EndTime "11:19:26 PDT"]
[Termination "ZverevLev won on time"]

1. e4 d6 2. d4 Nf6 3. Nc3 g6 4. f3 c6 5. Be3 b5 6. Qd2 a5 7. h4 h5 8. Nh3 b4 9. Ne2 Bxh3 10.
Rxh3 Nbd7 11. O-O-O Nb6 12. Nf4 Bh6 13. Qf2 a4 14. e5 Bxf4 15. Bxf4 Nfd5 16. Bh2 a3 17.
exd6 axb2+ 18. Kxb2 Nc3 19. Re1 Rxa2+ 20. Kc1 Nbd5 21.
Bc4 Qa5 22. Bxa2 Nxa2+ 23. Kd1 b3 24. Ke2 Qb5+ 25. Kd2 Qb4+ 26. Ke2 Qb5+ 27. Kd2 b2 28. f4 b1=Q 29. Rxb1 Qxb1 30. Rb3 Qc1+ 31. Kd3 Nab4+ 32. Kc4 O-O 33. dxe7 Re8 34. c3 Nc2 35. f5 Nce3+ 36. Kc5 Nxf5 37. Be5 Nxc3 38. Qf4 Ne4+ 39. Kb6 Rb8+ 40.
Bxb8 Qxf4 41. e8=Q+ Kg7 42. Bxf4 1-0

[Event "*** SCC Grand Prix: Titled Tuesday Blitz"]
[Site "Chess.com"]
[Date "2020.08.25"]
[Round "7"]
[White "karinachess1"]
[Black "Kotofeyca"]
[Result "1-0"]
[WhiteElo "2490"]
[BlackElo "2330"]
[TimeControl "180+1"]
[EndTime "11:19:28 PDT"]
[Termination "karinachess1 won on time"]

1. e4 c5 2. Nf3 d6 3. d4 cxd4 4.
Nxd4 Nf6 5. Nc3 a6 6. Be3 Ng4 7. Bc1 Nc6 8. Nxc6 bxc6 9. Be2 Nf6 10. O-O e5 11. Kh1 Be7 12. f4 O-O 13. Qe1 Rb8 14.
Qg3 exf4 15. Bxf4 Rxb2 16. e5 dxe5 17. Bxe5 Rxc2 18. Rad1 Qa5 19. Bd3 Ng4 20. Bxg7 Kxg7 21. Bxc2 Kh8 22. Qd3 f5 23. h3 Ne5 24. Qe3 Bf6 25. Bb3 Bg7 26. Ne2 Re8 27. Nf4 1-0

[Event "*** SCC Grand Prix: Titled Tuesday Blitz"]
[Site "Chess.com"]
[Date "2020.08.25"]
[Round "7"]
[White "Nara_Kh"]
[Black "CraiggoryC"]
[Result "1-0"]
[WhiteElo "2318"]
[BlackElo "2131"]
[TimeControl "180+1"]
[EndTime "11:19:28 PDT"]
[Termination "Nara_Kh won on time"]

1. e4 e6 2. d4 d5 3. Nd2 Be7 4. Ngf3 Nf6 5. e5 Nfd7 6. Bd3 c5 7. c3 Nc6 8. O-O a5 9. a4 cxd4 10. cxd4 Nb4 11. Bb1 b6 12. Re1 Ba6 13. Nf1 O-O 14.
Ng3 Rc8 15. h4 Bxh4 16. Nxh4 Qxh4 17. Ra3 Rc7 18. Nh1 Rfc8 19. Rh3 Qe7 20. Bxh7+ Kf8 21. Bd3 Ke8 22. Bxa6 Nxa6 23. Bd2 Nb4 24. Qg4 Nf8 25. Bg5 Qd7 26. Ng3 Qxa4 27. Nh5 Ng6 28. Nxg7+ Kd7 29. Rf3 1-0

[Event "*** SCC Grand Prix: Titled Tuesday Blitz"]
[Site "Chess.com"]
[Date "2020.08.25"]
[Round "7"]
[White "karwowskikacper"]
[Black "abfchess"]
[Result "0-1"]
[WhiteElo "2396"]
[BlackElo "2174"]
[TimeControl "180+1"]
[EndTime "11:19:29 PDT"]
[Termination "abfchess won by resignation"]

1. e4 e6 2. Qe2 Be7 3. g3 d5 4. d3 Nf6 5. Bg2 O-O 6. Nf3 c5 7. O-O Nc6 8. Bg5 b6 9. Bxf6 Bxf6 10. e5 Be7 11. c3 Ba6 12. Rd1 Rc8 13. h4 d4 14. c4 b5 15. cxb5 Bxb5 16. Nbd2 Nb4 17.
Ne4 Qa5 18. a3 Nxd3 19. Rxd3 Qa6 20. Bf1 Bxd3 21. Qxd3 Qxd3 22. Bxd3 c4 23. Bf1 Rfd8 24. Rd1 d3 25. Rd2 Bxa3 26. bxa3 c3 27. Nxc3 Rxc3 28.
Ne1 Rxa3 29. Rxd3 Rdxd3 30. Nxd3 a5 31. Kg2 a4 32. Kf3 Ra1 33. Kg2 a3 34. Nb4 a2 35.
Nxa2 Rxa2 36. Bc4 Rc2 37. Bd3 Rd2 38. Bb1 Kf8 39. Kf3 Ke7 40. Bxh7 g6 41. g4 Kf8 42. h5 Kg7 43. Ke3 Rd8 44. hxg6 fxg6 0-1

[Event "*** SCC Grand Prix: Titled Tuesday Blitz"]
[Site "Chess.com"]
[Date "2020.08.25"]
[Round "7"]
[White "Iskusnyh"]
[Black "Dedic8"]
[Result "1-0"]
[WhiteElo "2595"]
[BlackElo "2731"]
[TimeControl "180+1"]
[EndTime "11:19:32 PDT"]
[Termination "Iskusnyh won by resignation"]

1. d4 Nf6 2. c4 g6 3. g3 c6 4. Bg2 d5 5. Qa4 Nfd7 6. cxd5 Nb6 7. Qd1 cxd5 8. Nf3 Bg7 9. O-O Nc6 10. Nc3 O-O 11. a4 Nb4 12. a5 Nc4 13. Qa4 Nc6 14. a6 Nb6 15. axb7 Bxb7 16. Qb3 Nxd4 17. Nxd4 Bxd4 18. Rd1 Bxc3 19. Qxc3 Qc8 20. Qd4 Qc4 21. Qe5 Qb4 22. Bh6 f6 23. Qe6+ Rf7 24. Rac1 Rc8 25. Rxc8+ Bxc8 26. Qc6 Bd7 27. Qb7 e6 28. Qb8+ Bc8 29.
Rc1 Re7 1-0

[Event "*** SCC Grand Prix: Titled Tuesday Blitz"]
[Site "Chess.com"]
[Date "2020.08.25"]
[Round "7"]
[White "Kavyev_Ruslan"]
[Black "Mazetovic"]
[Result "1-0"]
[WhiteElo "2499"]
[BlackElo "2654"]
[TimeControl "180+1"]
[EndTime "11:19:32 PDT"]
[Termination "Kavyev_Ruslan won by resignation"]

1. d4 Nf6 2. c4 g6 3. Nc3 Bg7 4. e4 d6 5. Be2 O-O 6. Be3 Na6 7. h4 h5 8. f3 c5 9. d5 Nc7 10. Nh3 Bxh3 11. Rxh3 a6 12. a4 e6 13. dxe6 Nxe6 14.
Rh1 Re8 15. Qd2 Nd4 16. Bxd4 cxd4 17. Nd5 Nxd5 18. cxd5 Qb6 19. Bd3 Rac8 20. Kf2 Bf6 21. g3 Kg7 22. Rhc1 a5 23. Kg2 Rc5 24. Rxc5 Qxc5 25.
Rc1 Qb6 26. Bb5 Rh8 27. Qc2 d3 28. Bxd3 g5 29. hxg5 Bxg5 30. Rh1 Bf6 31. f4 Qe3 32. Qe2 Qd4 33. Bb5 Kf8 34. Rd1 Qb6 35. e5 Be7 36. e6 h4 37. exf7 hxg3 38. Kxg3 Qd4 39. Re1 Qf6 40. Qe6 Qh4+ 41. Kf3 Rh6 42. Qc8+ Kxf7 43. Qe8+ Kg7 44. Qxe7+ Qxe7 45. Rxe7+ 1-0

[Event "*** SCC Grand Prix: Titled Tuesday Blitz"]
[Site "Chess.com"]
[Date "2020.08.25"]
[Round "7"]
[White "HanSchut"]
[Black "hellokostya"]
[Result "1-0"]
[WhiteElo "2283"]
[BlackElo "2461"]
[TimeControl "180+1"]
[EndTime "11:19:32 PDT"]
[Termination "HanSchut won on time"]

1. e4 Nc6 2. Nf3 d6 3. d4 Nf6 4.
Nc3 g6 5. Be2 Bg7 6. h3 O-O 7. Be3 e5 8. Qd2 exd4 9. Nxd4 Re8 10. Nxc6 bxc6 11. Bf3 Nd7 12. O-O Ne5 13. Be2 Be6 14.
b3 c5 15. Rad1 Nc6 16. Bb5 Bd7 17. f3 Nd4 18. Bd3 c6 19. Ne2 Qe7 20. Bg5 Qf8 21. c3 Ne6 22. Be3 Kh8 23. Bc4 d5 24. exd5 cxd5 25.
Bxd5 Rad8 26. Qc1 Bc8 27. Nf4 Nc7 28. Bc4 Rxd1 29. Rxd1 Qe7 30. Bd2 Qf6 31. Re1 Rd8 32. Be3 Bb7 33. Bxc5 Bh6 34. Be7 Qxf4 35. Qxf4 Bxf4 36.
Bxd8 Nd5 37. Bxd5 1-0

[Event "*** SCC Grand Prix: Titled Tuesday Blitz"]
[Site "Chess.com"]
[Date "2020.08.25"]
[Round "7"]
[White "Onegust"]
[Black "Jumbo"]
[Result "1-0"]
[WhiteElo "2583"]
[BlackElo "2774"]
[TimeControl "180+1"]
[EndTime "11:19:33 PDT"]
[Termination "Onegust won on time"]

1. e4 c5 2. Nf3 d6 3. d4 cxd4 4. Nxd4 Nf6 5. Nc3 a6 6. Bg5 e6 7. f4 Qc7 8. Bxf6 gxf6 9. Qf3 b5 10. O-O-O b4 11. Nce2 Nd7 12. Kb1 h5 13. g3 Rb8 14.
Bh3 Nc5 15. Nb3 Na4 16. Rhe1 Be7 17. Ned4 Bd7 18. g4 hxg4 19. Bxg4 Rc8 20. Re2 Qb6 21. Bh5 Kf8 22. Rg2 Ke8 23. Rg7 Kd8 24. Bxf7 Rxh2 25. Bxe6 Rcxc2 26. Nxc2 Bxe6 27. e5 fxe5 28. fxe5 Kd7 29. Rxe7+ 1-0

[Event "*** SCC Grand Prix: Titled Tuesday Blitz"]
[Site "Chess.com"]
[Date "2020.08.25"]
[Round "7"]
[White "isainz"]
[Black "googlegoom"]
[Result "0-1"]
[WhiteElo "2133"]
[BlackElo "2449"]
[TimeControl "180+1"]
[EndTime "11:19:34 PDT"]
[Termination "googlegoom won by resignation"]

1. e4 c5 2. Nf3 Nc6 3. d4 cxd4 4. Nxd4 Qb6 5. Nb3 Nf6 6. Nc3 e6 7. Bd3 d6 8. Be3 Qc7 9. f4 a6 10. Qf3 b5 11. g4 Bb7 12. g5 Nd7 13. O-O-O Na5 14.
Kb1 Nc4 15. Bxc4 Qxc4 16. Na5 Qc7 17. Nxb7 Qxb7 18. Bd4 b4 19. Ne2 e5 20. Be3 Be7 21.
Rhf1 a5 22. Ng3 g6 23. f5 Rf8 24. f6 Bd8 25. Rxd6 Bc7 26. Rd2 O-O-O 27. Rfd1 Nb6 28. Bxb6 Bxb6 29. Rxd8+ Rxd8 30. Rxd8+ Kxd8 31. Qd3+ Kc8 32. Qd6 Qd7 33. Qxd7+ Kxd7 34. Nf1 Bf2 35. Ng3 Be3 36.
h4 Bf2 37. h5 Bxg3 38. hxg6 hxg6 0-1

[Event "*** SCC Grand Prix: Titled Tuesday Blitz"]
[Site "Chess.com"]
[Date "2020.08.25"]
[Round "7"]
[White "ChessWarrior3"]
[Black "Djager97"]
[Result "0-1"]
[WhiteElo "2128"]
[BlackElo "2446"]
[TimeControl "180+1"]
[EndTime "11:19:34 PDT"]
[Termination "Djager97 won by resignation"]

1. e4 c5 2. Nf3 Nc6 3. d4 cxd4 4. Nxd4 Nf6 5. Nc3 d6 6. Bg5 e6 7. f4 a6 8. Nxc6 bxc6 9. e5 dxe5 10. Qxd8+ Kxd8 11. fxe5 h6 12. O-O-O+ Kc7 13. Bxf6 gxf6 14. exf6 h5 15. g3 Bd7 16. Bg2 h4 17. Rd3 hxg3 18.
Rxg3 Bh6+ 19. Kb1 Rag8 20. a3 Bf4 21. Rxg8 Rxg8 22. Be4 Be5 23. Rf1 Bxh2 24. Na4 Rg1 25. Rxg1 Bxg1 26. b4 Bd4 27. Nc5 Bc8 28. Bd3 a5 29. Ne4 axb4 30. axb4 Be5 31. c4 c5 32.
Nxc5 Bxf6 33. b5 Be7 34. Ne4 Bb7 35. Kc2 f5 36. Ng5 Bxg5 37. Kc3 Kb6 38. Kb4 Be7+ 39. Kb3 Kc5 40. Kc3 f4 41. Kb3 e5 42. Kc3 e4 43.
Bf1 f3 44. Kd2 Bg5+ 45. Ke1 e3 46. Bd3 Bh4+ 47. Kf1 Bc8 48. b6 Kxb6 49. Be4 e2+ 50. Kg1 e1=Q+ 51. Kh2 Qg3+ 0-1

[Event "*** SCC Grand Prix: Titled Tuesday Blitz"]
[Site "Chess.com"]
[Date "2020.08.25"]
[Round "7"]
[White "Grootneus"]
[Black "krasavetc"]
[Result "1-0"]
[WhiteElo "2185"]
[BlackElo "2278"]
[TimeControl "180+1"]
[EndTime "11:19:35 PDT"]
[Termination "Grootneus won by resignation"]

1. e4 e6 2. d4 d5 3. Nc3 Nf6 4. Bg5 Be7 5. e5 Nfd7 6. h4 h6 7. Bxe7 Qxe7 8. Qg4 g6 9. Nf3 a6 10. O-O-O c5 11. dxc5 Nc6 12. Qf4 Qxc5 13. Bd3 b5 14. Kb1 Rb8 15. Nxd5 exd5 16. e6 fxe6 17. Bxg6+ Kd8 18.
Rhe1 Rf8 19. Qxh6 e5 20. Qg5+ Qe7 21. Qg3 d4 22. Nxd4 Qf6 23. Nxc6+ Qxc6 24. Qxe5 Rb6 25. Qe7+ Kc7 26. Be4 Qf6 27. Qb4 Qxf2 28. Qc3+ Qc5 29.
Rxd7+ 1-0

[Event "*** SCC Grand Prix: Titled Tuesday Blitz"]
[Site "Chess.com"]
[Date "2020.08.25"]
[Round "7"]
[White "ljuks68"]
[Black "ftorodent"]
[Result "0-1"]
[WhiteElo "2438"]
[BlackElo "2669"]
[TimeControl "180+1"]
[EndTime "11:19:36 PDT"]
[Termination "ftorodent won by resignation"]

1. e4 c5 2. Nf3 e6 3. d4 cxd4 4. Nxd4 a6 5. Bd3 Bc5 6. Nb3 Be7 7. c4 d6 8. Nc3 Nf6 9. O-O O-O 10. Qe2 b6 11.
Bd2 Bb7 12. f4 Qc7 13. Rae1 Nc6 14. Rc1 Qb8 15. Be3 Nd7 16. Na4 Bd8 17. Rfd1 Bc7 18. Nc3 Nc5 19. Nd4 Nxd4 20. Bxd4 d5 21. e5 Nxd3 22.
Qxd3 dxc4 23. Qxc4 b5 24. Qe2 Rd8 25. Bf2 b4 26.
Ne4 Bd5 27. b3 a5 28. Nc5 Bb6 29. Na4 Bxf2+ 30. Qxf2 Ra7 31. Nb6 Rc7 32. Nxd5 Rxd5 33. Rf1 Rcd7 34. Rc2 g6 35. h3 h5 36. Rfc1 Qb5 37.
Rc8+ Kh7 38. Qh4 Rd1+ 39. Rxd1 Rxd1+ 40. Kh2 Qf1 41. Qf6 Qg1+ 42. Kg3 Rd3+ 43. Kh4 Qf2+ 0-1

[Event "*** SCC Grand Prix: Titled Tuesday Blitz"]
[Site "Chess.com"]
[Date "2020.08.25"]
[Round "7"]
[White "K_A_S_T_O_R"]
[Black "ChessBitl"]
[Result "1/2-1/2"]
[WhiteElo "2719"]
[BlackElo "2518"]
[TimeControl "180+1"]
[EndTime "11:19:37 PDT"]
[Termination "Game drawn by repetition"]

1. e4 c5 2. Nf3 Nc6 3. d4 cxd4 4. Nxd4 g6 5. c4 Nf6 6. Nc3 d6 7. f3 Qb6 8. Ndb5 Bg7 9. Na4 Qa5+ 10. Bd2 Qd8 11. Be3 Qa5+ 12. Nac3 a6 13. Nd4 Nxd4 14. Bxd4 Be6 15. Qd2 O-O 16. Rc1 Rac8 17. b3 Nd7 18.
Bxg7 Kxg7 19. Na4 Qe5 20. Be2 b5 21. Nb2 h6 22. O-O h5 23. Kh1 Nf6 24. Rc2 h4 25. Nd3 Qd4 26. Nf4 Qxd2 27. Rxd2 Bd7 28. Rc1 g5 29. Nd5 Nxd5 30. Rxd5 f6 31. Rdd1 bxc4 32. Bxc4 Rc7 33. Bd3 Rfc8 34. Rxc7 Rxc7 35. Kg1 Bb5 36. Bxb5 axb5 37. Rd2 b4 38. Kf2 Kf7 39. Ke2 Rc3 40. Rd4 Rc2+ 41. Rd2 Rc3 42. Rd4 Rc2+ 43. Rd2 Rc3 1/2-1/2

[Event "*** SCC Grand Prix: Titled Tuesday Blitz"]
[Site "Chess.com"]
[Date "2020.08.25"]
[Round "7"]
[White "giantslayer83"]
[Black "ARTHURMOTIVATOR"]
[Result "1-0"]
[WhiteElo "2698"]
[BlackElo "2275"]
[TimeControl "180+1"]
[EndTime "11:19:37 PDT"]
[Termination "giantslayer83 won on time"]

1. c4 e5 2. g3 Nc6 3. Bg2 g6 4. Nc3 Bg7 5. d3 d6 6. Nf3 Nf6 7. Bg5 h6 8. Bxf6 Qxf6 9. Rb1 a5 10. a3 O-O 11. O-O Qd8 12. b4 axb4 13. axb4 Nd4 14. e3 Ne6 15. b5 f5 16. Nd5 f4 17. exf4 exf4 18. Re1 Kh8 19. Nh4 Qg5 20. Ne7 fxg3 21.
Nhxg6+ Kh7 22. Nxf8+ Bxf8 23. Be4+ Kh8 24. Ng6+ Kg7 25.
hxg3 Ra2 26. Nxf8 Nf4 27. Bg2 Bh3 28. Ne6+ Bxe6 29. gxf4 Qh4 30. Qf3 Bg4 31. Qg3 Qh5 32. f3 Qc5+ 33. d4 Qxd4+ 34. Kh1 1-0

[Event "*** SCC Grand Prix: Titled Tuesday Blitz"]
[Site "Chess.com"]
[Date "2020.08.25"]
[Round "7"]
[White "GodDMuhammad"]
[Black "SlavenPastar"]
[Result "0-1"]
[WhiteElo "2277"]
[BlackElo "2434"]
[TimeControl "180+1"]
[EndTime "11:19:37 PDT"]
[Termination "SlavenPastar won by resignation"]

1. f4 b6 2. e4 Bb7 3. d3 e6 4.
g3 f5 5. Bg2 Nf6 6. Nd2 Bc5 7.
Qe2 O-O 8. c3 fxe4 9. Nxe4 Nxe4 10. Bxe4 Bxe4 11. dxe4 d5 12. e5 d4 13. Nf3 Nc6 14.
Bd2 Qd5 15. c4 Qd7 16. O-O-O Rab8 17.
a3 a5 18. Qe4 a4 19. h4 Na5 20. Bxa5 bxa5 21. Nxd4 c6 22. Qxc6 Qa7 23. Nb5 Be3+ 24. Kb1 Qf7 25. Rhe1 Bf2 26. Re4 Bxg3 27. Nd6 Qh5 28.
Rg1 Qf3 29. Qxa4 Bf2 30. Rf1 Qd3+ 31. Ka2 Qxf1 32. Nb5 Qd3 33. Nd6 Rxb2+ 34. Kxb2 Rb8+ 35. Nb5 Qxe4 36. Qxa5 Qxc4 37. a4 Bd4+ 38. Kb1 Qb3+ 39. Kc1 Be3+ 0-1

[Event "*** SCC Grand Prix: Titled Tuesday Blitz"]
[Site "Chess.com"]
[Date "2020.08.25"]
[Round "7"]
[White "Volodar_Murzin"]
[Black "chenxiaoyuer"]
[Result "0-1"]
[WhiteElo "2629"]
[BlackElo "2445"]
[TimeControl "180+1"]
[EndTime "11:19:38 PDT"]
[Termination "chenxiaoyuer won on time"]

1. e4 c5 2. Nf3 d6 3. d4 cxd4 4.
Nxd4 Nf6 5. Nc3 Nc6 6. f3 e5 7.
Nb3 Be7 8. Be3 O-O 9. Qd2 Be6 10. O-O-O a5 11. a4 Nb4 12. Kb1 d5 13. exd5 Nfxd5 14.
Nxd5 Bxd5 15. Bb5 Qc8 16. Nc1 Bc6 17. Qe2 Bxb5 18. axb5 a4 19. c3 Qf5+ 20. Nd3 Nd5 21.
Bd2 a3 22. Qe4 Qd7 23. c4 Nf6 24. Nxe5 Qe6 25. Qe3 axb2 26. Rhe1 Ra3 27. Qd4 Rd8 28. Qxb2 Qf5+ 0-1